 Dungeon Crawl Stone Soup version 0.28-a0-224-g76b539d98b (webtiles) character file.

Game seed: 12326917833677431804

45761 Froggeryz the Nimble (level 14, -10/151 HPs)
             Began as an Octopode Berserker on Aug 21, 2021.
             Was a High Priest of Trog.
             Mangled by a catoblepas (31 damage)
             ... on level 6 of the Lair of Beasts.
             The game lasted 00:26:35 (20492 turns).

Froggeryz the Nimble (Octopode Berserker)          Turns: 20492, Time: 00:26:36

Health: -10/151    AC:  5    Str: 18    XL:     14   Next: 34%
Magic:  14/14      EV: 23    Int:  9    God:    Trog [*****.]
Gold:   384        SH:  8    Dex: 21    Spells: 13/13 levels left

rFire   . . .      SeeInvis .   k - +9 quick blade (freeze)
rCold   + . .      Faith    +   c - +0 buckler
rNeg    + . .      Spirit   .   (helmet restricted)
rPois   .          Reflect  .   m - amulet of faith
rElec   .          Harm     .   j - +6 ring of dexterity
rCorr   .          Rampage  .   v - +4 ring of protection
Will    +++..                   s - ring of positive energy
Stlth   ..........              B - ring of protection from cold
HPRegen 1.35/turn               (no ring)
MPRegen 0.14/turn               (no ring)
                                (no ring)
                                (no ring)

@: berserking, strong-willed, regenerating, very quick
A: almost no armour, amphibious, 8 rings, camouflage 1, gelatinous body 1,
(nimble swimmer 1), tentacles
a: Renounce Religion, Berserk, Trog's Hand, Brothers in Arms


You were on level 6 of the Lair of Beasts.
You worshipped Trog.
Trog was extremely pleased with you.
You visited 2 branches of the dungeon, and saw 16 of its levels.
You also visited: Ice Cave and Volcano.

You collected 1320 gold pieces.
You spent 936 gold pieces at shops.

Inventory:

Hand Weapons
 k - a +9 quick blade of freezing (weapon)
Missiles
 l - 54 poisoned darts (quivered)
 o - 8 boomerangs of dispersal
 q - a throwing net
 x - 4 curare-tipped darts
 C - 7 silver javelins
Armour
 c - a +0 buckler (worn)
Jewellery
 j - a +6 ring of dexterity (left tentacle)
 m - an amulet of faith (around mantle)
 s - a ring of positive energy (on tentacle)
 v - a +4 ring of protection (right tentacle)
 B - a ring of protection from cold (on tentacle)
 I - a +6 ring of strength
Wands
 w - a wand of digging (10)
 z - a wand of flame (36)
 E - a wand of paralysis (5)
Scrolls
 b - 2 scrolls of immolation
 d - 2 scrolls of teleportation
 f - a scroll of fog
 g - a scroll of holy word
 n - a scroll of summoning
 r - a scroll of fear
 t - a scroll of enchant armour
 y - 3 scrolls of enchant weapon
 A - 2 scrolls of magic mapping
 G - 2 scrolls of identify
Potions
 a - 5 potions of flight
 e - 3 potions of resistance
 h - a potion of might {unknown}
 i - 2 potions of invisibility
 p - 4 potions of curing
 u - a potion of cancellation {unknown}
 D - 3 potions of heal wounds {unknown}
 F - a potion of haste {unknown}
 H - a potion of magic {unknown}


   Skills:
 + Level 11.1 Fighting
 - Level 12.6 Short Blades
 - Level 5.3 Throwing
 + Level 13.4 Dodging
 - Level 5.0 Stealth
 + Level 10.9 Shields


You had 13 spell levels left.
You didn't know any spells.
Your spell library was empty.

Dungeon Overview and Level Annotations

Branches:
Dungeon (10/15)            Temple (0/1) D:4            Lair (6/6) D:8
 Shoals (0/4) Lair:2       Spider (0/4) Lair:2        Slime (0/5) Lair:6
  IceCv (visited)         Volcano (visited)
    Orc: D:9-12

Altars:
Sif Muna
Vehumet
Zin
Jiyva

Shops:
D:8 ?

Annotations:
D:10 3 runed translucent doors, Mateji's ghost, journeyman DrTm


Innate Abilities, Weirdness & Mutations

You cannot wear most types of armour.
You are amphibious.
You can wear up to eight rings at the same time.
Your skin changes colour to match your surroundings (Stealth+).
Your rubbery body absorbs attacks. (AC +1, EV +1)
((You are camouflaged near water. (Stealth+)))
You have tentacles for arms and can constrict up to eight enemies at once.


Message History

You hit the catoblepas. You freeze the catoblepas.
The catoblepas is lightly wounded.
The catoblepas completely misses you.
You puncture the catoblepas! You freeze the catoblepas.
The catoblepas is moderately wounded.
You hit the catoblepas. You freeze the catoblepas. You squeeze the catoblepas.
The catoblepas is heavily wounded.
The yak misses you.
You hit the catoblepas. You freeze the catoblepas.
The catoblepas is heavily wounded.
You hit the catoblepas. You freeze the catoblepas.
You squeeze the catoblepas, but do no damage.
The catoblepas is heavily wounded.
The catoblepas breathes a plume of calcifying dust at you.
The blast of calcifying dust hits you.
A nearby plant withers and dies.
The catoblepas breathes a plume of calcifying dust at you.
The blast of calcifying dust hits you!
The yak is engulfed in calcifying dust.
The yak stops moving altogether!
The helpless yak fails to defend itself.
You stick the yak like a pincushion!!! You freeze the yak!
You kill the yak!
Trog accepts your kill.
The catoblepas breathes a plume of calcifying dust at you.
The blast of calcifying dust hits you. The catoblepas gores you!!
* * * LOW HITPOINT WARNING * * *
Your skin crawls.
You feel strong-willed. The catoblepas gores you!
* * * LOW HITPOINT WARNING * * *
The catoblepas breathes a plume of calcifying dust at you.
The blast of calcifying dust hits you!
* * * LOW HITPOINT WARNING * * *
You feel better.
You hit the catoblepas but do no damage.
The catoblepas is heavily wounded.
A red film seems to cover your vision as you go berserk!
You feel yourself moving faster!
You feel mighty! The catoblepas gores you!!
You die...

### ## #.##P#
####....# ##.......##
##
#.#.#......P##.#######
...#..[.....P.#.....).
(.....................
#..#...<....##@..§#
.##.#......###Y§§##
##....†..##.....##.
#.....§..§.........
##..........>......
#P..<.§...†........
#..P.....#.#........
##P......###...##.?.
.......... #...# #..


You could see a catoblepas.

Vanquished Creatures
  An azure jelly (IceCv)
  A quicksilver ooze (IceCv)
  A red draconian (Volcano)
  6 hydras
  A centaur warrior (Volcano)
  A tengu warrior (D:10)
  4 two-headed ogres
  10 death yaks
  A lindwurm (Lair:4)
  An oklob plant (Lair:4)
  2 cyclopes (D:8)
  A merfolk siren (Lair:2)
  An elephant (D:8)
  2 black mambas
  2 gargoyles
  14 cane toads
  5 rime drakes
  7 komodo dragons
  4 entropy weaver simulacra (IceCv)
  A hornet (D:7)
  23 slime creatures
  5 blink frogs (Lair:5)
  A vampire (D:10)
  5 fire bats (Volcano)
  A wyvern (Lair:4)
  16 yaks
  A wraith (D:6)
  5 basilisks
  A steam dragon (D:8)
  4 vampire mosquitoes (D:9)
  Menkaure (D:5)
  2 demonic crawler simulacra (IceCv)
  9 water moccasins
  2 ice beasts
  2 orc warriors (D:9)
  6 black bears
  An ogre (D:4)
  2 ugly thing simulacra (IceCv)
  2 wolves (Lair:5)
  9 centaurs
  2 kobold brigands
  16 bullfrogs
  A wyvern zombie (D:8)
  A gnoll sergeant (D:10)
  A scorpion (D:4)
  21 killer bees
  3 wights (D:8)
  7 howler monkeys
  A centaur zombie (D:7)
  4 lava snakes (Volcano)
  A hound (D:4)
  A bullfrog zombie (D:6)
  5 jellies
  4 orc priests
  A centaur skeleton (D:5)
  A gnoll shaman (D:4)
  A scorpion zombie (D:5)
  3 iguanas (D:6)
  7 orc wizards
  A human skeleton (D:7)
  A killer bee zombie (D:8)
  A hound zombie (D:5)
  A hound skeleton (D:4)
  3 howler monkey zombies
  11 adders
  14 gnolls
  A howler monkey skeleton (D:5)
  A white imp (D:8)
  An adder skeleton (D:4)
  2 worms
  4 dart slugs
  16 orcs
  7 ball pythons
  8 endoplasms
  2 giant cockroaches
  8 goblins
  9 hobgoblins
  8 jackals
  7 quokkas
  5 bats
  2 frilled lizards
  23 kobolds
  3 orc skeletons (D:7)
  2 orc zombies (D:7)
  3 rats
389 creatures vanquished.

Vanquished Creatures (collateral kills)
  An ice statue (IceCv)
  An entropy weaver simulacrum (IceCv)
  5 yaks (Lair:5)
7 creatures vanquished.

Vanquished Creatures (others)
  An entropy weaver simulacrum (IceCv)
  20 fungi
  15 plants
36 creatures vanquished.

Grand Total: 432 creatures vanquished

Notes
Turn   | Place    | Note
-------+----------+-------------------------------------------
     0 | D:1      | Froggeryz the Octopode Berserker began the quest for the
                  | Orb.
     0 | D:1      | Reached XP level 1. HP: 16/16 MP: 1/1
   260 | D:1      | Reached skill level 1 in Stealth
   269 | D:1      | Reached XP level 2. HP: 14/21 MP: 2/2
   813 | D:1      | Reached XP level 3. HP: 26/26 MP: 3/3
  1113 | D:2      | Reached ** piety under Trog
  1272 | D:2      | Found a shimmering blue altar of Sif Muna.
  1278 | D:2      | Reached XP level 4. HP: 31/31 MP: 4/4
  1872 | D:3      | You fall into a shaft and drop 1 floor!
  2010 | D:4      | Noticed an ogre
  2441 | D:3      | Reached XP level 5. HP: 36/36 MP: 5/5
  2690 | D:3      | Found a radiant altar of Vehumet.
  2703 | D:3      | Reached skill level 5 in Short Blades
  3249 | D:4      | Reached *** piety under Trog
  3413 | D:4      | Killed an ogre
  3414 | D:4      | Reached XP level 6. HP: 8/42 MP: 6/6
  3875 | D:4      | Reached skill level 5 in Stealth
  4248 | D:4      | Reached skill level 1 in Throwing
  4248 | D:4      | Reached XP level 7. HP: 37/46 MP: 7/7
  4407 | D:4      | Found a staircase to the Ecumenical Temple.
  4604 | D:5      | Entered Level 5 of the Dungeon
  4648 | D:5      | Noticed Menkaure
  4654 | D:5      | Killed Menkaure
  5230 | D:6      | Reached XP level 8. HP: 52/52 MP: 8/8
  5240 | D:6      | Reached **** piety under Trog
  5905 | D:6      | Noticed a wraith
  5910 | D:6      | Killed a wraith
  6461 | D:7      | Noticed a hornet
  6467 | D:7      | Killed a hornet
  6468 | D:7      | Reached skill level 5 in Throwing
  6468 | D:7      | Reached XP level 9. HP: 56/56 MP: 9/9
  6705 | D:7      | Reached skill level 10 in Short Blades
  6718 | D:7      | Noticed a two-headed ogre
  6726 | D:7      | Killed a two-headed ogre
  6727 | D:7      | Reached skill level 4 in Dodging
  6809 | D:7      | Found a sand-covered staircase.
  7346 | D:7      | Noticed a gargoyle
  7358 | D:7      | Killed a gargoyle
  7359 | D:7      | Reached skill level 5 in Dodging
  7359 | D:7      | Reached skill level 5 in Shields
  7809 | D:8      | Reached XP level 10. HP: 61/63 MP: 10/10
  7809 | D:8      | Noticed a death yak
  7812 | D:8      | Noticed an elephant
  7820 | D:8      | Noticed a cyclops
  7826 | D:8      | Found a staircase to the Lair.
  7826 | D:8      | Found Ymaja's Magic Scroll Shoppe.
  7829 | D:8      | Bought 2 scrolls of teleportation for 72 gold pieces
  7836 | D:8      | Noticed a two-headed ogre
  7849 | D:8      | Killed a two-headed ogre
  7991 | D:8      | Reached skill level 6 in Dodging
  7998 | D:8      | Killed an elephant
  8181 | D:8      | Killed a death yak
  8182 | D:8      | Reached skill level 7 in Dodging
  8435 | D:8      | Killed a cyclops
  8516 | D:8      | Reached ***** piety under Trog
  8517 | D:8      | Reached skill level 8 in Dodging
  8780 | D:8      | Reached skill level 5 in Fighting
  9150 | D:8      | Noticed a gargoyle
  9163 | D:8      | Killed a gargoyle
  9164 | D:8      | Reached XP level 11. HP: 72/72 MP: 11/11
  9234 | D:8      | Noticed a cyclops
  9242 | D:8      | Killed a cyclops
  9245 | D:8      | Identified the +2 rapier of the Dripping Coward {venom,
                  | *Corrode Str+6 Int+6}
  9646 | D:9      | Reached skill level 9 in Dodging
  9755 | D:9      | Noticed a two-headed ogre
  9766 | D:9      | Killed a two-headed ogre
 10834 | D:10     | Entered Level 10 of the Dungeon
 10834 | D:10     | Noticed a tengu warrior
 10841 | D:10     | Killed a tengu warrior
 10842 | D:10     | Reached skill level 10 in Dodging
 11206 | D:10     | Noticed a two-headed ogre
 11217 | D:10     | Killed a two-headed ogre
 11217 | D:10     | Received a gift from Trog
 11498 | D:10     | Found a runed translucent gate.
 11498 | D:10     | Found a runed translucent gate.
 11498 | D:10     | Found a runed translucent gate.
 11504 | D:10     | Noticed Mateji's ghost (journeyman DrTm)
 11507 | D:10     | Found a viscous altar of Jiyva.
 12232 | Lair:1   | Entered Level 1 of the Lair of Beasts
 12499 | Lair:1   | Reached skill level 11 in Dodging
 13161 | Lair:1   | Noticed a five-headed hydra
 13174 | Lair:1   | Killed a five-headed hydra
 13485 | Lair:2   | Noticed a death yak
 13485 | Lair:2   | Noticed a death yak
 13485 | Lair:2   | Noticed a death yak
 13485 | Lair:2   | Noticed a death yak
 13536 | Lair:2   | Reached XP level 12. HP: 81/81 MP: 12/12
 13716 | Lair:2   | Found a dark tunnel.
 13721 | Volcano  | Entered a volcano
 13895 | Volcano  | Noticed a centaur warrior
 13907 | Volcano  | Killed a centaur warrior
 13972 | Volcano  | Found a radiant altar of Vehumet.
 14035 | Volcano  | Noticed a red draconian
 14051 | Volcano  | Killed a red draconian
 14058 | Volcano  | Found a burning altar of Makhleb.
 14336 | Lair:2   | Noticed a death yak
 14359 | Lair:2   | Noticed a death yak
 14364 | Lair:2   | Killed a death yak
 14371 | Lair:2   | Killed a death yak
 14382 | Lair:2   | Killed a death yak
 14390 | Lair:2   | HP: 4/82 [death yak (7)]
 14731 | Lair:2   | Found a staircase to the Shoals.
 14889 | Lair:2   | Found a hole to the Spider Nest.
 14917 | Lair:2   | Killed a death yak
 14932 | Lair:2   | Killed a death yak
 14942 | Lair:2   | Killed a death yak
 15046 | D:8      | Bought a scroll of acquirement for 624 gold pieces
 15050 | D:8      | Acquired a +8 quick blade
 15059 | D:8      | Bought a scroll of brand weapon for 240 gold pieces
 15231 | Lair:2   | Reached XP level 13. HP: 82/89 MP: 13/13
 15901 | Lair:3   | Reached skill level 12 in Dodging
 16657 | Lair:4   | Found a glowing silver altar of Zin.
 16959 | Lair:4   | Identified the +7 falchion "Ylluovopp" {vorpal, rF+ rC+
                  | Str+4 Dex+2}
 17792 | Lair:5   | Reached skill level 10 in Fighting
 17812 | Lair:5   | Found a frozen archway.
 17825 | IceCv    | Entered an ice cave
 17999 | IceCv    | Noticed a quicksilver ooze
 18006 | IceCv    | Killed a quicksilver ooze
 18105 | IceCv    | Reached skill level 10 in Shields
 18612 | IceCv    | Received a gift from Trog
 18612 | IceCv    | Found the +2 Maxwell's thermic engine {flame, freeze}
 18673 | IceCv    | Reached skill level 13 in Dodging
 18683 | IceCv    | Reached XP level 14. HP: 85/99 MP: 14/14
 18990 | IceCv    | Found a viscous altar of Jiyva.
 18990 | IceCv    | Noticed an azure jelly
 19004 | IceCv    | Killed an azure jelly
 20241 | Lair:6   | Entered Level 6 of the Lair of Beasts
 20316 | Lair:6   | Found a staircase to the Slime Pits.
 20487 | Lair:6   | HP: 4/101 [catoblepas/blast of calcifying dust (8)]
 20492 | Lair:6   | Mangled by a catoblepas

Illustrated notes

Levels and vault maps discovered:
D:1:      erik_arrival_blinker_ship, layout_loops_ring, minmay_misc_feat_tiny
D:2:      layout_basic, basic_altar
D:3:      layout_basic, mainiacjoe_overflow_boulevard
D:4:      layout_rooms, temple_green
D:5:      layout_basic, uniq_menkaure
D:6:      layout_layer_cave
D:7:      layout_loops_corners, nicolae_ossuary_entry_catacombs,
          minmay_misc_feat_plants
D:8:      minmay_cornered_nines, layout_basic, david_lair_generic, serial_shops,
          nicolae_stop_n_shop_1, minmay_between
D:9:      layout_roguey, minmay_misc_feat_nine_boxes, minivault_19,
          nicolae_straight_to_the_point
D:10:     layout_loops_ring, gammafunk_ghost_ooze
Lair:1:   layout_cave_pods
Lair:2:   layout_loops_ring, minmay_shoals_entry_lonely_mermaid,
          dummy_spider_entry, nicolae_volcano_entry_s_turn, grunt_megastairs_4
Lair:3:   layout_small_grid, beast_lair_carwin_4, infiniplex_staircase_pool
Lair:4:   layout_misc_corridors, lemuel_oklob_altar
Lair:5:   layout_regular_city, portal_ice_cave_entry_pillars_2,
          grunt_megastairs_5
Lair:6:   cheibrodos_lair_end_hotspot, layout_big_grid,
          minmay_slime_entry_pillars, chequers_serial_rivers_small_b,
          lemuel_centaur_altar

Skill      XL: |  1  2  3  4  5  6  7  8  9 10 11 12 13 14 |
---------------+-------------------------------------------+-----
Stealth        | 1 2 3 4 5 |  5.0
Short Blades   | 4 5 6 7 9 10 12 | 12.6
Throwing       | 1 2 5 |  5.3
Dodging        | 5 8 11 13 | 13.4
Shields        | 5 7 8 10 | 10.9
Fighting       | 5 7 8 10 11 | 11.1

Action                   |  1- 3 |  4- 6 |  7- 9 | 10-12 | 13-15 || total
-------------------------+-------+-------+-------+-------+-------++-------
Melee: Short sword       |    67 |   135 |   177 |   504 |       ||   883
       Constrict         |    13 |    25 |    36 |    70 |    36 ||   180
       Tentacles         |    12 |    28 |    53 |   182 |   171 ||   446
       Quick blade       |       |       |       |     6 |   426 ||   432
Throw: Dart              |       |     2 |     1 |    11 |    19 ||    33
Invok: Berserk           |       |     4 |     7 |    15 |     6 ||    32
       Trog's Hand       |       |       |     1 |     3 |     1 ||     5
       Brothers in Arms  |       |       |       |       |     1 ||     1
Evoke: Wand              |       |       |       |     1 |     2 ||     3
  Use: Potion            |       |     1 |     1 |     1 |     1 ||     4
       Scroll            |       |       |     8 |    25 |     2 ||    35
 Stab: Sleeping          |    12 |     8 |    15 |    11 |     8 ||    54
       Distracted        |     1 |     2 |     1 |     2 |     2 ||     8
       Petrifying        |       |       |       |       |     1 ||     1
       Petrified         |       |       |       |       |     1 ||     1
Armor: Skin              |     2 |     9 |    16 |    40 |     8 ||    75
Dodge: Dodged            |    34 |    69 |    79 |   272 |   125 ||   579
Block: Buckler           |       |       |       |    84 |    50 ||   134

Table legend: (Time is in decaauts)
 A = Elapsed time spent in this place.
 B = Non-inter-level travel time spent in this place.
 C = Inter-level travel time spent in this place.
 D = Time resting spent in this place.
 E = Time spent auto-exploring this place.
 F = Levels seen in this place.
 G = Mean time per level.
                   A        B        C        D        E       F      G
               +--------+--------+--------+--------+--------+-----+--------+
         Total |  20181 |  19466 |    715 |   5216 |  10527 |  18 | 1121.2 |
       Dungeon |  12287 |  11885 |    402 |   2828 |   7086 |  10 | 1228.7 |
          Lair |   5999 |   5687 |    312 |   1336 |   3354 |   6 |  999.8 |
      Ice Cave |   1409 |   1409 |      0 |    807 |     69 |   1 | 1409.0 |
       Volcano |    485 |    485 |      0 |    244 |     17 |   1 |  485.0 |
               +--------+--------+--------+--------+--------+-----+--------+

Top non-repeatable levels by time:
     D:8: 1770 daAuts
     D:9: 1466 daAuts
  Lair:2: 1454 daAuts
     D:7: 1425 daAuts
   IceCv: 1409 daAuts
     D:3: 1388 daAuts
     D:4: 1371 daAuts
  Lair:1: 1209 daAuts
  Lair:5: 1205 daAuts
    D:10: 1157 daAuts
  Lair:3: 1101 daAuts
     D:1: 1072 daAuts
     D:5: 975 daAuts
  Lair:4: 975 daAuts
     D:6: 866 daAuts
